Cogmind - Beta 17.1 @@@ ROGUE MODE // 2026.09.05 @ 19:29:22 Player: President Manblast Result: Destroyed by as-90775 with Assembled Blade Performance ------------- Evolutions (0) 0 Regions Visited (2) 400 Robots Destroyed (23) 115 Value Destroyed (426) 426 Prototype IDs (0) 0 Alien Tech Used (0) 0 Bonus (0) 0 TOTAL SCORE: 941 Bonus ------- None Cogmind --------- Core Integrity 0/250 Matter 281/300 Energy 125/125 System Corruption 0% Temperature Warm (120) Movement Rolling (110) Ox2 Location -10/Mines Parts ------- > --- POWER (1) -------- Light Ion Engine > --- PROPULSION (2) --- Wheel > --- UTILITY (2) ------ Large Storage Unit Sensor Array > --- WEAPON (2) ------- Light Assault Rifle > --- INVENTORY (15) --- Heat Sink Large Matter Pod (150) Targeting Computer Splice Drone Bay Small Laser Light Assault Rifle Light Assault Rifle Grenade Launcher Mining Laser Peak State ------------ > --- POWER ------------ Ion Engine > --- PROPULSION ------- Light Treads Light Treads > --- UTILITY ---------- Large Storage Unit Seismic Detector > --- WEAPON ----------- Beam Cannon Assault Rifle > --- INVENTORY -------- Ion Engine Compact Wheel Heat Sink Large Matter Pod Sensor Array Targeting Computer Splice Drone Bay Small Laser Beam Cannon Light Assault Rifle Light Assault Rifle Light Assault Rifle Grenade Launcher Mining Laser [Rating: 9] Favorites ----------- Power Ion Engine Engine Ion Engine Propulsion Light Treads Treads Light Treads Wheel Wheel Utility Seismic Detector Device Seismic Detector Storage Large Storage Unit Weapon Assault Rifle Energy Gun Small Laser Energy Cannon Beam Cannon Ballistic Gun Assault Rifle Launcher Grenade Launcher Special Weapon Mining Laser Build | -11 -10 -10 ------- Run | Yrd Mat Min Slots Evolved . | . . . Power . | . . . Propulsion . | . . . Utility . | . . . Weapon . | . . . Parts Attached 21 | 7 5 9 Power 3 | 1 . 2 Engine 3 | 1 . 2 Core . | . . . Reactor . | . . . Propulsion 4 | 2 . 2 Treads 2 | 2 . . Leg . | . . . Wheel 2 | . . 2 Hover . | . . . Flight . | . . . Utility 5 | 2 2 1 Device 3 | 1 1 1 Storage 2 | 1 1 . Processor . | . . . Hackware . | . . . Protection . | . . . Artifact . | . . . Weapon 9 | 2 3 4 Energy Gun 2 | 1 . 1 Energy Cannon 2 | . 1 1 Ballistic Gun 2 | 1 . 1 Ballistic Cannon . | . . . Launcher 1 | . . 1 Special Weapon 2 | . 2 . Impact Weapon . | . . . Slashing Weapon . | . . . Piercing Weapon . | . . . Special Melee Weapon . | . . . Unidentified Prototypes . | . . . Parts Lost 9 | . . 9 Power 1 | . . 1 Propulsion 3 | . . 3 Utility 1 | . . 1 Weapon 4 | . . 4 Highest Loss Streak 3 | . . 3 To Critical Strikes . | . . . Average Backups 10 | 5 8 12 Power . | . 1 . Propulsion 1 | 3 1 . Utility 2 | . 2 4 Weapon 4 | . 4 6 Tool/Special . | . . . Unused Backups 11 | . 5 6 Power 1 | . 1 . Propulsion 3 | . 3 . Utility 3 | . . 3 Weapon 4 | . 1 3 Tool/Special . | . . . Average Slot Usage (%) 98 | . 99 97 Engine 14 | . 14 14 Treads 26 | . 28 25 Device 13 | . 13 13 Storage 14 | . 14 14 Energy Gun 1 | . . 2 Energy Cannon 8 | . 4 12 Ballistic Gun 12 | . 14 11 Special Weapon 4 | . 9 . Peak Build Rating 9 | 7 8 9 Average Rating 7 | 6 7 8 On Entrance 5 | . 7 8 Avg Prop Armor Cover (%) 14 | . . 14 Naked Turns . | . . . Heaviest Build 32 | 14 31 32 Greatest Support 40 | 40 40 40 Greatest Overweight (x) 10 | . . 10 Average Overweight (x) . | . . . Largest Inventory Capacity 15 | 8 15 15 Average Capacity 12 | 7 11 15 Most Carried 15 | 7 11 15 Average Carried 10 | 5 8 12 Final Capacity 15 | 8 15 15 Final Carried 11 | 7 11 9 Class Distribution -------------------- 96% | Mutant 3% | Scavenger-Mutant Dominant Class ---------------- Mutant | -10/Materials Mutant | -10/Mines Resources | -11 -10 -10 ----------- Run | Yrd Mat Min Matter Collected 963 | 327 274 362 Remotely . | . . . Salvage Created 727 | 203 187 337 Parts 51 | 21 14 16 Haulers Intercepted . | . . . Recyclers Shooed . | . . . Parts Field Recycled . | . . . Retrieved Matter . | . . . Parts Self-Destructed . | . . . Prevented . | . . . Parts Restored . | . . . Kills | -11 -10 -10 ------- Run | Yrd Mat Min Combat Hostiles Destroyed 24 | . 5 19 Guns 10 | . 1 9 Cannons 11 | . 4 7 AOE 3 | . . 3 Classes Destroyed 6 | 2 1 3 Worker 2 | . . 2 Tunneler 8 | 8 . . Recycler 1 | 1 . . Swarmer 3 | . . 3 Grunt 9 | . 5 4 Assembled 12 | . . 12 Best Kill Streak 5 | 5 3 5 Combat Bots Only 5 | . 3 5 Max Kills in Single Turn 3 | 1 1 3 Gunslinging . | . . . Exploded 2 | . . 2 Melee . | . . . Uniques/NPCs Destroyed . | . . . Combat | -11 -10 -10 -------- Run | Yrd Mat Min Hostile Shots Fired 95 | . 13 82 Missed 21 | . 3 18 Hits 74 | . 10 64 Melee 9 | . . 9 Projectile 65 | . 10 55 Damage Taken 1154 | . 104 1050 Core 276 | . 11 265 Absorbed by Shields . | . . . Core Remaining (%) 100 | 100 . . Volleys Fired 124 | 19 43 62 Largest 2 | 2 2 2 Hottest 125 | 60 100 125 Shots Fired 202 | 38 54 110 Gun 103 | 38 11 54 Cannon 58 | . 12 46 Launcher 3 | . . 3 Special 38 | . 31 7 Kinetic 62 | 19 11 32 Thermal 137 | 19 43 75 Explosive 3 | . . 3 Electromagnetic . | . . . Robot Hit Streak 12 | 11 10 12 Robot Miss Streak 5 | 1 1 5 Penetration Max . | . . . Secondary Targets . | . . . Shots Hit Robots 106 | 30 17 59 Core Hits 51 | 10 9 32 Critical Kills 1 | . . 1 Critical Parts Destroyed . | . . . Critical Strikes 2 | . . 2 Burn 1 | . . 1 Destroy 1 | . . 1 Melee Attacks . | . . . Impact . | . . . Slashing . | . . . Piercing . | . . . Sneak Attacks . | . . . Combat Hostiles . | . . . Follow-up Attacks . | . . . Damage Inflicted 1736 | 358 252 1126 Guns 780 | 358 94 328 Cannons 703 | . 158 545 Explosions 237 | . . 237 Melee . | . . . Ramming 16 | . . 16 Kinetic 431 | 159 94 178 Thermal 1052 | 199 158 695 Explosive 237 | . . 237 Electromagnetic . | . . . Impact . | . . . Slashing . | . . . Piercing . | . . . Highest Corruption . | . . . Average Corruption . | . . . Corruption Purged . | . . . Corruption Blocked . | . . . Overload Shots . | . . . Overflow Damage 19 | . . 19 Projectiles 17 | . . 17 Explosions 2 | . . 2 Melee . | . . . Knockbacks . | . . . Impact . | . . . Kinetic . | . . . Secondary . | . . . Self-Inflicted Damage 20 | . . 20 Shots 1 | . . 1 Rammed 5 | . . 5 Targets Rammed 5 | . . 5 Kicked . | . . . Crushed . | . . . Highest Temperature 365 | . 154 365 Average Temperature 66 | . 34 95 Received Heat Transfer 135 | . 60 75 Effects 2 | . . 2 Matter Decay 1 | . . 1 Short Circuit 1 | . . 1 Siege Activations . | . . . Martial Activations . | . . . Shielding Activations . | . . . Robots Disrupted . | . . . Combat Hostiles . | . . . Robots Corrupted . | . . . Combat Hostiles . | . . . Parts Fried . | . . . Impact Corruptions . | . . . Robots Melted . | . . . Combat Hostiles . | . . . Parts Melted . | . . . Heat Transferred 2374 | 450 333 1591 Parts Sabotaged . | . . . Parts Stolen . | . . . Parts Stripped . | . . . Power Chain Reactions . | . . . Alert | -11 -10 -10 ------- Run | Yrd Mat Min Maximum Alert Level . | . . . Low Security (%) 100 | 100 100 100 Level 1 . | . . . Level 2 . | . . . Level 3 . | . . . Level 4 . | . . . Level 5 . | . . . High Security . | . . . Max Security . | . . . Peak Influence 96 | 10 96 73 Initial . | . . . Average 14 | 2 18 13 Influence Increases 416 | 45 157 214 Destroy 0b10 Robot/C 240 | . 100 140 Destroy 0b10 Robot/NC 55 | 45 . 10 Destroy Leader 50 | . 20 30 Successful Hack 7 | . 7 . Destroy Structure 64 | . 30 34 Influence Decreases 416 | 45 157 214 Time Decay 410 | 45 157 208 Lost Part 6 | . . 6 Squads Dispatched 2 | . 2 . Investigation 1 | . 1 . Extermination . | . . . Reinforcement 1 | . 1 . Assault . | . . . Garrison . | . . . Intercept . | . . . Searches Triggered . | . . . Construction Impeded . | . . . Haulers Reinforced . | . . . Active Scanning Responses . | . . . Cargo Convoy Interrupts . | . . . Stealth | -11 -10 -10 --------- Run | Yrd Mat Min Distress Signals 1 | . 1 . Communications Jammed . | . . . Distress Signals . | . . . Times Spotted 27 | . 7 20 Peak Tracking Total 5 | . 5 4 Tactical Retreats . | . . . Traps | -11 -10 -10 ------- Run | Yrd Mat Min Traps Triggered 1 | . 1 . Indirectly . | . . . Trap Hack Attempts . | . . . Triggered . | . . . Disarmed . | . . . Reprogrammed . | . . . Reused . | . . . Traps Extracted . | . . . Installed . | . . . Triggered . | . . . Machines | -11 -10 -10 ---------- Run | Yrd Mat Min Machines Disabled . | . . . Max in Single Turn . | . . . Machines Repaired . | . . . Machines Dismantled . | . . . Machines Sabotaged . | . . . Overloaded Fab Kills . | . . . Hacking | -11 -10 -10 --------- Run | Yrd Mat Min Machines Accessed 2 | . 1 1 Terminals 1 | . 1 . Fabricators . | . . . Repair Stations . | . . . Recycling Units . | . . . Scanalyzers . | . . . Garrison Access . | . . . Total Hacks 4 | . 3 1 Successful 3 | . 2 1 Failed 1 | . 1 . Catastrophic . | . . . Database Lockouts . | . . . Manual 2 | . 2 . Terminals 3 | . 3 . Fabricators . | . . . Repair Stations . | . . . Recycling Units . | . . . Scanalyzers . | . . . Garrison Access . | . . . Terminal Hacks 3 | . 2 1 Part Schematic 1 | . 1 . Open Door 1 | . . 1 Emergency Access Points 1 | . 1 . Fabricator Hacks . | . . . Repair Station Hacks . | . . . Recycling Unit Hacks . | . . . Scanalyzer . | . . . Garrison Access Hacks . | . . . Unauthorized Hacks . | . . . Terminals . | . . . Fabricators . | . . . Repair Stations . | . . . Recycling Units . | . . . Scanalyzers . | . . . Garrison Access . | . . . Data Cores Recovered . | . . . Used . | . . . Hacking Detections 1 | . 1 . Full Trace Events . | . . . Feedback Events . | . . . Feedback Blocked . | . . . Robot Schematics Acquired . | . . . Robots Built . | . . . Authchips . | . . . Time . | . . . Total Robot Build Rating . | . . . Part Schematics Acquired 1 | . 1 . Parts Built . | . . . Authchips . | . . . Time . | . . . Total Part Build Rating . | . . . Part Studies Acquired . | . . . Parts Repaired . | . . . Time . | . . . Parts Recycled . | . . . Recycled Matter . | . . . Retrieved Matter . | . . . Retrieved Components . | . . . Parts Scanalyzed . | . . . Part Schematics Acquired . | . . . Parts Damaged . | . . . Bothacking | -11 -10 -10 ------------ Run | Yrd Mat Min Used RIF Installer . | . . . Robots Hacked . | . . . Non-combat . | . . . Combat . | . . . Robot Hacks Applied . | . . . Relay Couplers Released . | . . . Fabnet Peak Effective % . | . . . Robots Rewired . | . . . Allies Hacked . | . . . Hacks Repelled . | . . . Allies | -11 -10 -10 -------- Run | Yrd Mat Min Total Allies . | . . . Largest Group . | . . . Highest-Rated Group . | . . . Highest-Rated Ally . | . . . Total Orders . | . . . Ally Attacks . | . . . Total Damage . | . . . Kills . | . . . Allies Corrupted . | . . . Allies Melted . | . . . Intel | -11 -10 -10 ------- Run | Yrd Mat Min Active Infowar (turns) 1554 | 131 766 657 Sensors 31 | . . 31 Seismic 1523 | 131 766 626 Robot Analysis Total . | . . . Derelict Logs Recovered 1 | . . 1 Drone Launches . | . . . Drone Recoveries . | . . . Exploration | -11 -10 -10 ------------- Run | Yrd Mat Min Turns Passed 2056 | 241 840 975 Spaces Moved 814 | 104 324 386 Core 14 | 8 . 6 Treads 778 | 96 324 358 Legs . | . . . Wheels 22 | . . 22 Hover . | . . . Flight . | . . . Fastest Speed 50 | 50 160 105 Average Speed 160 | 151 160 163 Slowest Speed 550 | 160 160 550 Overloaded Moves . | . . . Propulsion Burnouts . | . . . Robots Hopped . | . . . Potential Cave-ins . | . . . Cave-ins Triggered . | . . . Exploration Rate (%) 37 | 7 43 63 Regions Visited 2 Branch Regions 1 Pre-discovered Areas . | . . . Known Exits Taken . | . . . Unknown Exits Taken 2 | 1 1 . Scrap Searched . | . . . Spaces Dug 25 | . 22 3 Terrain Destroyed 67 | . 31 36 Melee . | . . . Projectile 38 | . 31 7 AOE 29 | . . 29 Terrain Rammed . | . . . Walls Destroyed . | . . . Machines Disabled . | . . . Actions | -11 -10 -10 --------- Run | Yrd Mat Min Total 1275 | 146 529 600 Wait 260 | 10 133 117 Move 812 | 103 323 386 Hop . | . . . Pick Up 20 | 7 9 4 Fast Attach 11 | 7 2 2 Attach 7 | . . 7 Detach 1 | . . 1 Swap 25 | . 10 15 Drop 10 | . 9 1 Fire 124 | 19 43 62 Melee . | . . . Ram . | . . . Kick . | . . . Crush 5 | . . 5 Escape Stasis . | . . . Rewire . | . . . Trap . | . . . Miscellaneous . | . . . Route ------- -11/Scrapyard -10/Materials (discovered 3 exits: [*Mat] / *Min / [*Sub]) -10/Mines (discovered 3 exits: [*Mat x2] / [*Sub]) History --------- Turn | Location | Event 8 | -11/Scrapyard | Discovered new exit (range 15) 242 | -11/Scrapyard | Entered Materials 308 | -10/Materials | Build established: Mutant 368 | -10/Materials | Discovered new exit (range 16) 499 | -10/Materials | Discovered new exit (range 14) 672 | -10/Materials | Discovered new exit (range 12) 742 | -10/Materials | Derelicts attacked the area 1082 | -10/Materials | Entered Mines 1144 | -10/Mines | Discovered new exit (range 6) 1425 | -10/Mines | Discovered new exit (range 12) 1460 | -10/Mines | Discovered new exit (range 7) 1555 | -10/Mines | Assembled infested the area 1580 | -10/Mines | Found the Drone Emporium 1589 | -10/Mines | Found Prototype Device 1665 | -10/Mines | Learned Materials terminal intel 1907 | -10/Mines | Core integrity fell below 50% 1940 | -10/Mines | Lost 3 parts (1p1n1w) 2029 | -10/Mines | Lost 3 parts (1n1u1w) 2051 | -10/Mines | Core integrity fell below 20% 2057 | -10/Mines | Destroyed by as-90775 with Assembled Blade Last Messages --------------- 01998_ as-24315 suffers critical hit (Burn). 01998_ as-24315 destroyed. 01998_ K-01 Serf suffers critical hit (Destroy). 01998_ K-01 Serf destroyed. 02003_ Acquired Wheel. 02005_ Acquired 17 matter. 02006_ Acquired 14 matter. 02007_ Acquired 10 matter. 02008_ Acquired 18 matter. 02011_ Acquired 53 matter. 02015_ The unstable cave ceiling collapses. 02015_ Terrain Scan Processor crushed. 02023_ Dropped Broken Ion Engine. 02023_ Acquired Lgt. Ion Engine. 02030_ as-91406 destroyed. 02047_ Com. Wheel destroyed. 02050_ U-05 Engineer builds a Wall. 02052_ Particle Gun destroyed. 02054_ U-05 Engineer lays Concrete. 02055_ U-05 Engineer builds a Wall. Map ----- +----------------------------------------------------+ | | | | | | | | | | | | | | | | | ?????????????????????????????????????????????????? | | ?????????????????????????????????????????????????? | | ?????????????????????????????????????????????????? | | ?????????????????????????????????????????????????? | | ?????????????????????????????????????????????????? | | ?????????????????????????????????????????????????? | | ??????????????????????????????????#####??????????? | | ?????????????????????????????????## ##?????????? | | ?????????????????????????????????# #######??#? | | ?????????????????????????????????? ## ## | | ??????????????????????????????????# | | ??????????????????????????????????# | | ??????????????????????????????????# ??? | | ??????????????????????????????????# #??????? | | ??????????????????????????????????# #??????? | | ???????????????????????????????#### # #??????? | | ???????????????# ################## ###%# #?????## | | ???????????????# % a@*t=%=* u=###!# #????## | | ???????????????###################|%###%# #????# | | ?????????????????????????????????#=? ##=# ##??## | | ????????????????????????????????? ! ## #??# | | ????????????????????????????????## ###### ##?# | | ?????????????????????????????????###????# =#?## | | ????????????????????????????????????????###!#??## | | ??????????????????????????????????????????#%#???## | | ??????????????????????????????????????????#=#????# | | ??????????????????????????????????????????#*###### | | ??????????????????????????????????????????# # | | ???????????????????????????????????####???##### # | | ??????????????????????????????????## ######### # | | ??????????????????????????????????# = = | | ??????????????????????????????????# ########* % | | ??????????????????????????????????## #??????## | | ??????????????????????????????????## ##??????## | | ??????????????????????????????????# ##??????# | | ????????????????????????????####### #?????# | | ???????????????????????????##""## #????# | | ???????????????????????????#" #X # ##???# | | ???????????????????????????#" # #???# # | | ???????????????????????????#" # #???## ## | | ???????????????????????????#" # #????####? | | ???????????????????????????##""## ##????????? | +----------------------------------------------------+ Best States ------------- Heat Dissipation 35 Energy Generation 10 Energy Capacity 250 Matter Stores 300 Matter Capacity 300 Sight Range 16 Robot Scan Range 14 Terrain Scan Density 10 Evasion (%) 50 Recoil Reduction 2 Item Schematics ----------------- Hcp. Storage Unit | -10/Materials | Hacked Robot Schematics ------------------ None Fabricated ------------ Nothing Repaired ---------- Nothing Studied --------- None Alien Tech Used ----------------- None Achievements -------------- None Challenges ------------ None Game ------ Seed DimensionalBombardmentSpear Manual? 0 Play Time 00:17:35 Cumulative 197.4 hours Start 2026.09.05 @ 19:15:02 End 2026.09.05 @ 19:29:22 Sessions 1 Manual Loads 0 Difficulty Rogue Special Mode None Game No. 80 Rogue 77 Adventurer 3 Explorer 0 Win Type - Total 5 Types 3/0/1/1/0/0/0/0/0/0 Lore% 53 Gallery% 51 Achievement% 45 Wizard Run 0 Options --------- Layout 1 ASCII 0 Keyboard 0 Movement Numpad Keybinds 0 Fullscreen 1 Font 24/Smallcaps Map View 50x35 Zoom Use 0% Tactical HUD 1 Map Filters NONE Filters NONE Steam 1 RUN: b78f1fc3-c421-4bdb-89e7-b40c8311fbc4